 Dungeon Crawl Stone Soup version 0.23.0-3-gf3c87f2 (webtiles) character file.

Game seed: 11523119500119032232

319 Alistair1231 the Poker (level 6, -4/55 HPs)
             Began as a Hill Orc Fighter on Feb 20, 2019.
             Killed by divine providence
             ... invoked by an orc priest
              (14 damage)
             ... on level 3 of the Dungeon.
             The game lasted 00:20:29 (3372 turns).

Alistair1231 the Poker (Hill Orc Fighter)           Turns: 3372, Time: 00:20:30

Health: -4/55      AC:  9    Str: 21    XL:     6   Next: 45%
Magic:  6/6        EV:  5    Int:  8    God:
Gold:   139        SH:  9    Dex: 10    Spells: 5/5 levels left

rFire    . . .     SeeInvis .   a - +0 trident
rCold    . . .     Gourm    .   c - +0 shield
rNeg     . . .     Faith    .   n - +0 chain mail
rPois    .         Spirit   .   (no helmet)
rElec    .         Reflect  .   (no cloak)
rCorr    .         Harm     .   (no gloves)
MR       .....                  (no boots)
Stlth    ..........             (no amulet)
HPRegen  0.18/turn              (no ring)
MPRegen  0.10/turn              (no ring)

@: lightly drained
A: no striking features
a: Convert to Beogh


You were on level 3 of the Dungeon.
You were not hungry.

You visited 1 branch of the dungeon, and saw 3 of its levels.

You collected 139 gold pieces.

Inventory:

Hand Weapons
 a - a +0 trident (weapon)
Missiles
 q - 25 stones (quivered)
Armour
 c - a +0 shield (worn)
 n - a +0 chain mail (worn)
Jewellery
 b - an uncursed ring of see invisible {unknown}
 m - a cursed -3 ring of dexterity {unknown}
 r - a cursed ring of teleportation {unknown}
Wands
 t - a wand of polymorph (13)
Scrolls
 e - a scroll of teleportation {unknown}
 h - a scroll of magic mapping {unknown}
 i - 5 scrolls of identify {unknown}
 l - 2 scrolls of remove curse {unknown}
 o - a scroll of amnesia {unknown}
 u - a scroll of enchant armour {unknown}
Potions
 d - a potion of might
 g - 2 potions of flight {unknown}
 j - a potion of resistance {unknown}
 k - 2 potions of haste {unknown}
 p - a potion of degeneration {unknown}
Comestibles
 f - a ration
 s - 7 chunks of flesh


   Skills:
 * Level 4.8(4.6) Fighting
 * Level 5.1(5.0) Polearms
 + Level 4.3(4.1) Armour
 - Level 0.5(0.3) Dodging
 + Level 4.3(4.1) Shields


You had 5 spell levels left.
You didn't know any spells.
Your spell library was empty.

Dungeon Overview and Level Annotations

Branches:
Dungeon (3/15)

Altars:
Elyvilon
Fedhas
Okawaru
Ru


Message History

The floor.
The orc priest calls upon Beogh to heal the orc priest.
The orc priest's wounds heal themselves!
The sky beast flickers out of sight!
Deactivating autopickup; reactivate with Ctrl-A.
A sky beast appears from thin air!
Reactivating autopickup.
The orc priest mumbles some strange prayers to Beogh against you.
Beogh smites you!
You see here 23 sling bullets.
Found an escape hatch in the ceiling.
Found a stone staircase leading up.
The orc priest miscasts a cantrip.
The orc priest invokes the aid of Beogh against you.
Beogh smites you!
* * * LOW HITPOINT WARNING * * *
The orc priest looks satisfied for a moment.
The orc priest calls down the wrath of Beogh upon you.
Beogh smites you!
You die...

##.## #.##...>.#
#...######.........
#.........###.#####
#...#####.## .#
##### #.#< .#
#.#.#.# #.#<..
#.##.# #.##@#
#.##.# #### #.##.#
.... ... #.##.#
#### ... #.##.#
#######.# #.##o#
........# #.##Y#
######..# #.##o# ##
#..# #.##r#


You could see a sky beast and 2 orc priests.

Vanquished Creatures
  A bullfrog (D:3)
  A hound (D:2)
  Jessica (D:3)
  Terence (D:2)
  An orc wizard (D:3)
  7 adders
  An ooze (D:2)
  A worm (D:2)
  A dart slug (D:1)
  3 leopard geckos
  9 orcs
  4 bats
  2 giant cockroaches
  5 goblins
  12 hobgoblins
  2 jackals (D:3)
  A ball python (D:2)
  4 frilled lizards
  9 kobolds
  10 rats
76 creatures vanquished.

Notes
Turn   | Place    | Note
-------+----------+-------------------------------------------
     0 | D:1      | Alistair1231 the Hill Orc Fighter began the quest for the
                  | Orb.
     0 | D:1      | Reached XP level 1. HP: 19/19 MP: 1/1
   162 | D:1      | Reached XP level 2. HP: 27/27 MP: 2/2
   801 | D:1      | Found a blossoming altar of Fedhas.
   844 | D:1      | Reached XP level 3. HP: 31/33 MP: 3/3
  1111 | D:2      | Reached skill level 3 in Polearms
  1111 | D:2      | Reached XP level 4. HP: 21/41 MP: 4/4
  1294 | D:2      | Noticed Terence
  1312 | D:2      | Killed Terence
  1851 | D:2      | Reached XP level 5. HP: 47/47 MP: 5/5
  2082 | D:2      | Found an iron altar of Okawaru.
  2188 | D:2      | Reached skill level 4 in Polearms
  2234 | D:2      | Found a white marble altar of Elyvilon.
  2570 | D:3      | Found a sacrificial altar of Ru.
  2587 | D:3      | Noticed Jessica
  2815 | D:3      | Reached XP level 6. HP: 39/53 MP: 6/6
  2824 | D:3      | Killed Jessica
  3083 | D:3      | Reached skill level 5 in Polearms
  3349 | D:3      | Noticed a sky beast
  3372 | D:3      | Killed from afar by an orc priest

Skill      XL: |  1  2  3  4  5  6 |
---------------+-------------------+-----
Fighting       | 4 |  4.8
Polearms       | 3 4 5 |  5.1
Armour         | 4 |  4.3
Shields        | 4 |  4.3
Dodging        | |  0.5

Action                   |  1- 3 |  4- 6 || total
-------------------------+-------+-------++-------
Melee: Trident           |   118 |   205 ||   323
  Eat: Ration            |     1 |     1 ||     2
       Chunk             |       |     2 ||     2
Armor: Scale mail        |    51 |     5 ||    56
       Chain mail        |       |   132 ||   132
Dodge: Dodged            |    34 |    42 ||    76
Block: Shield            |    54 |   119 ||   173
